 Dungeon Crawl Stone Soup version 0.22-a0-538-g76cc104 (webtiles) character file.

32 kae the Insei (level 3, 0/26 HPs)
             Began as a Demonspawn Transmuter on June 23, 2018.
             Slain by a worm (3 damage)
             ... on level 2 of the Dungeon.
             The game lasted 00:01:18 (1642 turns).

kae the Insei (Demonspawn Transmuter)               Turns: 1642, Time: 00:01:19

Health: 0/26       AC:  5    Str: 10    XL:     3   Next: 10%
Magic:  6/6        EV: 12    Int: 14    God:
Gold:   88         SH:  0    Dex: 14    Spells: 0/6 levels left

rFire    . . .     SeeInvis .   f - +0 club
rCold    . . .     Gourm    .   (no shield)
rNeg     . . .     Faith    .   e - +0 leather armour
rPois    .         Spirit   .   (no helmet)
rElec    .         Reflect  .   (no cloak)
rCorr    .         Harm     .   (no gloves)
MR       .....                  (no boots)
Stlth    +.........             (no amulet)
HPRegen  0.08/turn              (no ring)
MPRegen  0.10/turn              (no ring)

@: appendage (expiring)
A: horns 2, icy blue scales 1
a: End Transformation


You were on level 2 of the Dungeon.
You were not hungry.
You had grown temporary horns.
You visited 1 branch of the dungeon, and saw 2 of its levels.

You collected 88 gold pieces.

Inventory:

Hand Weapons
 f - a +0 club (weapon)
Missiles
 a - 12 arrows
 j - 2 throwing nets (quivered)
Armour
 b - a +0 robe
 e - a +0 leather armour (worn)
Scrolls
 c - 2 scrolls of teleportation {unknown}
 h - a scroll of blinking {unknown}
 i - 3 scrolls of remove curse {unknown}
 l - a scroll of identify {unknown}
 m - a scroll of magic mapping {unknown}
Potions
 g - a potion of haste {unknown}
 k - a potion of flight {unknown}
 o - a potion of heal wounds {unknown}
Comestibles
 d - 4 rations
 n - a chunk of flesh


   Skills:
 + Level 1.4 Fighting
 - Level 1.7 Dodging
 * Level 3.2 Unarmed Combat
 + Level 2.2 Spellcasting
 * Level 2.3 Transmutations


You couldn't memorise any spells.
You knew the following spells:

 Your Spells              Type           Power        Failure   Level  Hunger
a - Beastly Appendage     Tmut           #.....       12%         1    #......
b - Sticks to Snakes      Tmut           #.......     19%         2    ###....
c - Spider Form           Tmut/Pois      #.........   52%         3    ###....

Your spell library contained the following spells:

 Spells                   Type           Power        Failure   Level  Hunger
 Blade Hands              Tmut           #.........   98%         5    ######.
 Ice Form                 Ice/Tmut       #.......     89%         4    #####..


Dungeon Overview and Level Annotations

Branches:
Dungeon (2/15)

Altars:


Innate Abilities, Weirdness & Mutations

You are partially covered in icy blue scales. (AC +2)
You have a pair of horns on your head.


Message History

You are too injured to fight recklessly!
You are too injured to fight recklessly!
You are too injured to fight recklessly!
You are too injured to fight recklessly!
You are too injured to fight recklessly!
You are too injured to fight recklessly!
You hit the worm.
The worm is moderately wounded.
Your transformation is almost over.
You hit the worm. You headbutt the worm.
The worm is moderately wounded.
The worm bites you!
* * * LOW HITPOINT WARNING * * *
You hit the worm. You headbutt the worm.
The worm is severely wounded.
The worm closely misses you.
You barely miss the worm. You headbutt the worm.
The worm is severely wounded.
The worm bites you.
You die...

##### .?... ......
......###### ......w....#
.....#@##.# #....
.....#.##.# #.... . .
...##.# #...# #.#.###.#
#...# #####.#.###.# #...#
............# #...#
.....##.############...##
.....##.#####.........รท..
........##...............


You could see a worm.

Vanquished Creatures
  An ooze (D:2)
  2 dart slugs (D:1)
  A leopard gecko (D:2)
  5 bats
  A giant cockroach (D:1)
  3 kobolds
  2 frilled lizards
  6 goblins (D:1)
  3 rats (D:1)
24 creatures vanquished.

Notes
Turn   | Place    | Note
-------+----------+-------------------------------------------
     0 | D:1      | kae the Demonspawn Transmuter began the quest for the Orb.
     0 | D:1      | Reached XP level 1. HP: 15/15 MP: 3/3
   527 | D:1      | Gained mutation: You are partially covered in icy blue scales. (AC +2) [demonic ancestry]
   527 | D:1      | Reached XP level 2. HP: 17/21 MP: 3/5
   635 | D:1      | Learned a level 2 spell: Sticks to Snakes
   665 | D:1      | Reached skill level 3 in Unarmed Combat
  1532 | D:2      | Reached XP level 3. HP: 24/26 MP: 6/6
  1537 | D:2      | Learned a level 3 spell: Spider Form
  1642 | D:2      | Slain by a worm

Vault maps used:
D:1:      lightli_iron_boxes, kennysheep_boxes

Skill      XL: |  1  2 |
---------------+-------+-----
Transmutations | 2 |  2.3
Unarmed Combat | 3 |  3.2
Fighting       | |  1.4
Dodging        | |  1.7
Spellcasting   | |  2.2

Action                   || total
-------------------------++-------
Melee: Unarmed           ||    19
       Club              ||    79
       Kick              ||     3
       Headbutt          ||     9
       Punch             ||     1
 Cast: Beastly Appendage ||    13
  Eat: Chunk             ||     3
Armor: Robe              ||     8
       Leather armour    ||    33
Dodge: Dodged            ||    61

Table legend:
 A = Spawn XP
 B = Non-spawn XP
 C = Spawn XP percentage of total XP
 D = Spawn monster count
 E = Non-spawn monster count
 F = Spawn count percentage of total count
 G = Total turns spent on level
                    A         B        C        D         E        F      G
               +---------+---------+-------+---------+---------+-------+---------
         Total |       0 |      47 |   0.0 |       0 |      24 |   0.0 |  1642
               +---------+---------+-------+---------+---------+-------+---------
           D:1 |       0 |      32 |   0.0 |       0 |      18 |   0.0 |  1448
           D:2 |       0 |      15 |   0.0 |       0 |       6 |   0.0 |   194
               +---------+---------+-------+---------+---------+-------+---------
